 Dungeon Crawl Stone Soup version 0.26-a0-667-g92642533e4 (webtiles) character file.

Game seed: 763971836880635366

2555 Ijustatesigmund the Covert (level 9, 0/47 HPs)
             Began as a Spriggan Wanderer on Oct 16, 2020.
             Was a Priest of Okawaru.
             Slain by a two-headed ogre
             ... wielding a +0 giant club
              (20 damage)
             ... on level 8 of the Dungeon.
             The game lasted 00:18:03 (8696 turns).

Ijustatesigmund the Covert (Spriggan Wanderer)      Turns: 8696, Time: 00:18:05

Health: 0/47       AC:  6    Str: 17    XL:     9   Next: 31%
Magic:  13/13      EV: 20    Int: 10    God:    Okawaru [***...]
Gold:   319        SH:  9    Dex: 19    Spells: 8/8 levels left

rFire    + . .     SeeInvis +   n - +0 short sword (elec)
rCold    + . .     Faith    .   s - +2 buckler
rNeg     + . .     Spirit   .   d - +1 robe
rPois    .         Reflect  .   (helmet restricted)
rElec    .         Harm     .   B - +0 cloak (curse)
rCorr    .         Rampage  .   (gloves unavailable)
MR       +....                  (boots unavailable)
Stlth    +++++.....             p - macabre finger necklace {rN+}
HPRegen  0.15/turn              h - +6 ring of strength
MPRegen  0.13/turn              x - ring of protection from fire
                                D - ring of stealth

@: slowed, quick
A: very small, unfitting armour, thin metallic scales 1, see invisible, cold
resistance 1, speed 3
a: Heroism, Renounce Religion


You were on level 8 of the Dungeon.
You worshipped Okawaru.
Okawaru was most pleased with you.
You visited 1 branch of the dungeon, and saw 8 of its levels.

You collected 523 gold pieces.
You spent 204 gold pieces at shops.

Inventory:

Hand Weapons
 a - a +2 spear
 b - a +1 rapier
 n - a +0 short sword of electrocution (weapon)
Armour
 d - a +1 robe (worn)
 s - a +2 buckler (worn)
 B - a cursed +0 cloak (worn)
Jewellery
 h - a +6 ring of strength (left hand)
 k - an uncursed ring of ice
 p - the macabre finger necklace (around neck) {rN+}
   (You found it on level 4 of the Dungeon)

   [amulet of nothing]

   It protects you from negative energy.
 w - an uncursed ring of ice
 x - a ring of protection from fire (right hand)
 D - a ring of stealth (on amulet)
Wands
 v - a wand of flame (33)
 y - a wand of paralysis (1)
 A - a wand of disintegration (4)
 E - a wand of enslavement (7)
Scrolls
 c - 2 scrolls of teleportation
 j - 5 scrolls of remove curse
 m - 3 scrolls of immolation
 u - 3 scrolls of enchant armour
 C - 2 scrolls of amnesia
Potions
 e - a potion of mutation
 f - a potion of curing
 g - 2 potions of lignification
 i - 3 potions of haste
 l - 4 potions of might
 o - a potion of invisibility
 q - 3 potions of resistance {unknown}
 r - 2 potions of heal wounds
 t - a potion of cancellation {unknown}
 z - a potion of stabbing


   Skills:
 - Level 5.5 Fighting
 - Level 6.1 Short Blades
 - Level 1.8(2.0) Polearms
   Level 1.0(1.5) Staves
 - Level 1.0 Throwing
 - Level 4.3 Dodging
 - Level 9.1 Stealth
 - Level 3.4 Shields
 - Level 5.3 Invocations
 + Level 3.3 Evocations


You had 8 spell levels left.
You didn't know any spells.
Your spell library contained the following spells:

 Spells                   Type           Power        Failure   Level
 Shock                    Conj/Air       #...         43%         1
 Swiftness                Air            #.......     58%         2
 Static Discharge         Conj/Air       #.......     82%         3
 Airstrike                Air            #.........   99%         4
 Lightning Bolt           Conj/Air       #.........   100%        5


Dungeon Overview and Level Annotations

Branches:
Dungeon (8/15)             Temple (0/1) D:5
   Lair: D:8-11

Altars:
Ashenzari
Gozag
Hepliaklqana
Okawaru
Sif Muna
Trog
Uskayaw
Xom
Yredelemnul
Zin
The Shining One

Shops:
D:4 [   D:5 !

Annotations:
D:8 Gastronok


Innate Abilities, Weirdness & Mutations

You are very small and have problems with some larger weapons.
You are too small for most types of armour.
You have supernaturally acute eyesight. (SInv)
You cover ground extremely quickly.
You are partially covered in thin metallic scales. (AC +2)
Your flesh is cold resistant. (rC+)


Message History

The two-headed ogre hits you with a +0 giant club!
The two-headed ogre barely misses you. The bullfrog misses you.
You hit the two-headed ogre but do no damage.
The two-headed ogre is lightly wounded.
The bullfrog misses you. You block the two-headed ogre's attack.
The two-headed ogre hits you with a +0 dire flail!!
* * * LOW HITPOINT WARNING * * *
You block the bullfrog's attack.
You are too injured to fight recklessly!
You are too injured to fight recklessly!
You are too injured to fight recklessly!
Okay, then.
You feel much better.
The two-headed ogre hits you with a +0 giant club!
The two-headed ogre misses you. You block the bullfrog's attack.
The bullfrog snags a nearby centipede with its tongue.
The bullfrog misses you.
The two-headed ogre completely misses you.
The two-headed ogre hits you with a +0 dire flail!!
You die...

.....#.[#....# ..
#.......##..##..
##..#..###....#
.#...#.........#
.......†.....##..
.............# ...
........†....# #..
.............###
..
..........@....#
##........OF...#
........#........#
........#...(....#
..................
......#.##......!
.....#. ....... #.
#......


You could see a two-headed ogre and a bullfrog.

Vanquished Creatures
  Grinder (D:5)
  2 orc warriors (D:7)
  A sky beast (D:7)
  An ice beast (D:7)
  A black bear (D:8)
  3 ogres
  2 centaurs (D:6)
  4 bullfrogs
  Blork the orc (D:5)
  A scorpion (D:6)
  3 killer bees
  A centaur zombie (D:8)
  A bullfrog zombie (D:5)
  3 jellies
  A hound (D:4)
  5 orc wizards
  4 orc priests
  A bullfrog skeleton (D:3)
  6 worker ants
  3 gnolls (D:6)
  A howler monkey skeleton (D:4)
  9 adders
  2 shadow imps
  6 white imps
  3 oozes
  3 ufetubi
  3 worms
  A dart slug (D:1)
  3 leopard geckos
  34 orcs
  6 bats
  5 giant cockroaches
  9 goblins
  5 hobgoblins
  10 jackals
  7 kobolds
  4 quokkas
  4 frilled lizards
  A jackal skeleton (D:7)
  2 leopard gecko skeletons
  5 rats
168 creatures vanquished.

Notes
Turn   | Place    | Note
-------+----------+-------------------------------------------
     0 | D:1      | Ijustatesigmund the Spriggan Wanderer began the quest for
                  | the Orb.
     0 | D:1      | Ijustatesigmund set off with the following items: a +2
                  | spear, a +0 short sword, a scroll of teleportation, a +0
                  | robe
     0 | D:1      | Reached XP level 1. HP: 13/13 MP: 2/2
    23 | D:1      | Reached skill level 2 in Stealth
    35 | D:1      | Reached skill level 1 in Dodging
    42 | D:1      | Reached XP level 2. HP: 7/17 MP: 3/3
   401 | D:1      | Reached skill level 1 in Short Blades
   821 | D:1      | Reached XP level 3. HP: 11/21 MP: 4/4
  1178 | D:2      | Gained mutation: You are frail. (-10% HP) [potion of
                  | mutation]
  1178 | D:2      | Gained mutation: You evolve. [potion of mutation]
  1179 | D:2      | Lost mutation: You evolve. [potion of mutation]
  1179 | D:2      | Lost mutation: You are frail. (-10% HP) [potion of
                  | mutation]
  1179 | D:2      | Gained mutation: Your flesh is cold resistant. (rC+)
                  | [potion of mutation]
  1179 | D:2      | Gained mutation: You are partially covered in thin metallic
                  | scales. (AC +2) [potion of mutation]
  1408 | D:2      | Found an iron altar of Okawaru.
  1415 | D:2      | Became a worshipper of Warmaster Okawaru
  1759 | D:2      | Reached skill level 3 in Stealth
  1895 | D:3      | Reached skill level 1 in Invocations
  1895 | D:3      | Reached XP level 4. HP: 4/25 MP: 5/5
  2751 | D:3      | Found a faded altar of an unknown god.
  2874 | D:3      | Reached skill level 4 in Stealth
  2874 | D:3      | Reached XP level 5. HP: 26/29 MP: 5/7
  3359 | D:3      | Reached * piety under Okawaru
  3517 | D:4      | Reached XP level 6. HP: 21/33 MP: 8/8
  3853 | D:4      | Reached skill level 5 in Stealth
  4020 | D:4      | Found the macabre finger necklace {rN+}
  4266 | D:4      | Found Cokyatar's Armour Shoppe.
  4614 | D:5      | Entered Level 5 of the Dungeon
  5213 | D:5      | Found a hide-covered altar of Uskayaw.
  5213 | D:5      | Found a glowing golden altar of the Shining One.
  5264 | D:5      | Noticed Blork the orc
  5268 | D:5      | Killed Blork the orc
  5268 | D:5      | Reached skill level 1 in Shields
  5268 | D:5      | Reached XP level 7. HP: 37/37 MP: 7/10
  5391 | D:5      | Found Cagotew's Distillery.
  5395 | D:5      | Bought a potion of might for 48 gold pieces
  5395 | D:5      | Bought a potion of berserk rage for 60 gold pieces
  5395 | D:5      | Bought a potion of curing for 36 gold pieces
  5395 | D:5      | Bought a potion of heal wounds for 60 gold pieces
  5483 | D:5      | Found a staircase to the Ecumenical Temple.
  5513 | D:5      | Reached skill level 6 in Stealth
  5680 | D:5      | Noticed Grinder
  5692 | D:5      | Killed Grinder
  5692 | D:5      | Reached ** piety under Okawaru
  5800 | D:5      | Found a bloodstained altar of Trog.
  6084 | D:6      | Found an opulent altar of Gozag.
  6184 | D:6      | Reached skill level 7 in Stealth
  6238 | D:6      | Reached XP level 8. HP: 42/42 MP: 11/11
  6758 | D:6      | Found a hazy altar of Hepliaklqana.
  6770 | D:6      | Reached skill level 5 in Short Blades
  6974 | D:6      | Found a basalt altar of Yredelemnul.
  6974 | D:6      | Found a glowing silver altar of Zin.
  6975 | D:6      | Found a shimmering blue altar of Sif Muna.
  7090 | D:6      | Reached skill level 5 in Fighting
  7406 | D:7      | Reached skill level 8 in Stealth
  7652 | D:7      | Reached *** piety under Okawaru
  7652 | D:7      | Reached skill level 5 in Invocations
  7929 | D:7      | Found a broken altar of Ashenzari.
  7999 | D:7      | Reached XP level 9. HP: 47/47 MP: 10/13
  8141 | D:7      | Reached skill level 9 in Stealth
  8194 | D:7      | Found a shimmering altar of Xom.
  8612 | D:8      | Reached skill level 1 in Evocations
  8647 | D:8      | Noticed Gastronok
  8685 | D:8      | Noticed a two-headed ogre
  8696 | D:8      | Slain by a two-headed ogre

Illustrated notes

Levels and vault maps discovered:
D:1:      grunt_arrival_crossed_arrows, layout_rooms, serial_glass,
          glass_columns_a, glass_columns_a, glass_columns_a, glass_columns_a,
          glass_columns_c, fountainhead
D:2:      layout_basic, lemuel_crystal_altar, minmay_misc_feat_cross
D:3:      layout_loops_cross, chequers_ecumenical_altar_simple
D:4:      layout_basic, serial_shops, nicolae_shop_stone
D:5:      layout_loops_corners, kennysheep_little_box,
          gammafunk_temple_overflow_wave, temple_pool_b, serial_shops, shop,
          uniq_blork_the_orc, uniq_grinder
D:6:      layout_loops_ring, lemuel_round_altar, grunt_gozag_breadcrumbs,
          gammafunk_temple_overflow_claw
D:7:      minmay_cornered_nines, layout_basic, overflow_temple_1_default,
          ashenzari_conservatory_becter
D:8:      minmay_bloctagon, layout_cave_pools, lemuel_doored_altar,
          lemuel_round_altar, serial_park, uniq_gastronok, uniq_joseph

Skill      XL: |  1  2  3  4  5  6  7  8  9 |
---------------+----------------------------+-----
Stealth        | 2 3 4 5 7 8 9 |  9.1
Dodging        | 1 2 3 4 |  4.3
Short Blades   | 1 2 3 4 5 6 |  6.1
Invocations    | 1 2 3 5 |  5.3
Shields        | 1 2 3 |  3.4
Fighting       | 5 |  5.5
Evocations     | 3 |  3.3
Polearms       | |  1.8
Staves         | |  1.0
Throwing       | |  1.0

Action                   |  1- 3 |  4- 6 |  7- 9 || total
-------------------------+-------+-------+-------++-------
Melee: Spear             |   120 |    83 |       ||   203
       Short sword       |       |   117 |   240 ||   357
Invok: Heroism           |       |     2 |     8 ||    10
Evoke: Wand              |       |       |     4 ||     4
  Use: Scroll            |     5 |     4 |     7 ||    16
       Potion            |     4 |     1 |     4 ||     9
 Stab: Sleeping          |     7 |    13 |    19 ||    39
       Distracted        |       |     1 |     3 ||     4
       Paralysed         |       |       |     1 ||     1
Armor: Robe              |    12 |    23 |    15 ||    50
Dodge: Dodged            |    81 |   158 |   126 ||   365
Block: Buckler           |       |     9 |    83 ||    92

Table legend: (Time is in decaauts)
 A = Elapsed time spent in this place.
 B = Non-inter-level travel time spent in this place.
 C = Inter-level travel time spent in this place.
 D = Time resting spent in this place.
 E = Time spent auto-exploring this place.
 F = Levels seen in this place.
 G = Mean time per level.
                   A        B        C        D        E       F      G
               +--------+--------+--------+--------+--------+-----+--------+
         Total |   6956 |   6846 |    110 |   2831 |   2880 |   8 |  869.5 |
       Dungeon |   6956 |   6846 |    110 |   2831 |   2880 |   8 |  869.5 |
               +--------+--------+--------+--------+--------+-----+--------+

Top non-repeatable levels by time:
     D:6: 1213 daAuts
     D:4: 1108 daAuts
     D:1: 941 daAuts
     D:7: 936 daAuts
     D:2: 910 daAuts
     D:3: 893 daAuts
     D:5: 850 daAuts
     D:8: 101 daAuts
